 Dungeon Crawl Stone Soup version 0.26.0-10-g1f06aea511 (webtiles) character file.

Game seed: 10340931621608825317

3661 Borgoz the Carver (level 10, 0/84 HPs)
             Began as a Ghoul Gladiator on Jan 15, 2021.
             Was an Initiate of Ashenzari.
             Slain by a two-headed ogre
             ... wielding a +0 giant club
              (10 damage)
             ... on level 8 of the Dungeon.
             The game lasted 00:11:31 (9502 turns).

Borgoz the Carver (Ghoul Gladiator)                 Turns: 9502, Time: 00:11:32

Health: 0/84       AC:  9    Str: 19    XL:     10   Next: 12%
Magic:  9/9        EV: 14    Int:  3    God:    Ashenzari [......]
Gold:   503        SH:  0    Dex: 13    Spells: 9/9 levels left

rFire    . . .     SeeInvis .   a - +1 long sword
rCold    + + +     Faith    .   (no shield)
rNeg     + + +     Spirit   .   l - +0 ring mail
rPois    ∞         Reflect  .   c - +0 helmet
rElec    +         Harm     .   (no cloak)
rCorr    .         Rampage  .   m - +0 pair of gloves
Will     .....                  (no boots)
Stlth    +.........             i - amulet of Qynae {RegenMP rElec}
HPRegen  0.00/turn              j - ring of protection from cold
MPRegen  0.36/turn              f - ring of protection from cold

@: hasted, very quick
A: claws 1, cold resistance 1, negative energy resistance 3, inhibited
regeneration, torment resistance, unbreathing
a: Renounce Religion, Curse Item


You were on level 8 of the Dungeon.
You worshipped Ashenzari.
Ashenzari was noncommittal.
You visited 2 branches of the dungeon, and saw 10 of its levels.

You collected 503 gold pieces.

Inventory:

Hand Weapons
 a - a +1 long sword (weapon)
Armour
 c - a +0 helmet (worn)
 l - a +0 ring mail (worn)
 m - a +0 pair of gloves (worn)
Jewellery
 f - a ring of protection from cold (right hand)
 i - the amulet of Qynae (around neck) {RegenMP rElec}
   (You found it on level 5 of the Dungeon)

   [amulet of magic regeneration]

   It increases your magic regeneration.
   It insulates you from electricity.
 j - a ring of protection from cold (left hand)
Scrolls
 d - a scroll of enchant armour
 g - 8 scrolls of remove curse
 h - a scroll of amnesia {unknown}
 k - a scroll of fog
 s - a scroll of identify
Potions
 b - a potion of cancellation
 e - 4 potions of brilliance
 o - 2 potions of flight
 p - a potion of lignification {unknown}


   Skills:
 + Level 6.5 Fighting
 * Level 8.1 Long Blades
 - Level 1.7 Throwing
 * Level 7.4 Armour
 + Level 5.9 Dodging


You had 9 spell levels left.
You didn't know any spells.
Your spell library contained the following spells:

 Spells                   Type           Power        Failure   Level
 Beastly Appendage        Tmut           Unusable     N/A         1
 Wereblood                Tmut           Unusable     N/A         2
 Spider Form              Tmut/Pois      Unusable     N/A         3
 Ice Form                 Ice/Tmut       Unusable     N/A         4
 Blade Hands              Tmut           Unusable     N/A         5

Dungeon Overview and Level Annotations

Branches:
Dungeon (9/15)             Temple (1/1) D:5
   Lair: D:8-11         Orc: D:9-12

Altars:
Ashenzari
Cheibriados
Dithmenos
Elyvilon
Fedhas
Gozag
Kikubaaqudgha
Nemelex Xobeh
Okawaru
Qazlal
Ru
Trog
Uskayaw
Wu Jian
Yredelemnul
The Shining One
Beogh

Annotations:
D:6 3 runed translucent doors, Raspi's ghost, novice TeGl


Innate Abilities, Weirdness & Mutations

You thrive by killing the living.
You are immune to poison.
You have sharp fingernails.
Your flesh is cold resistant. (rC+)
You are immune to negative energy. (rN+++)
You do not regenerate when monsters are visible.
You are immune to unholy pain and torment.
You can survive without breathing.


Message History

You slash the two-headed ogre!
The two-headed ogre is heavily wounded.
You hit the two-headed ogre.
The two-headed ogre is heavily wounded.
The two-headed ogre hits you with a +0 giant club.
The two-headed ogre completely misses you.
You hit the two-headed ogre but do no damage.
The two-headed ogre is heavily wounded.
You slash the two-headed ogre!
The two-headed ogre is severely wounded.
The two-headed ogre hits you with a +0 giant club!!
* * * LOW HITPOINT WARNING * * *
The two-headed ogre hits you with a +0 giant club.
* * * LOW HITPOINT WARNING * * *
You barely miss the two-headed ogre.
The two-headed ogre is severely wounded.
You hit the two-headed ogre.
The two-headed ogre is severely wounded.
The two-headed ogre hits you with a +0 giant club!
You die...

########
#.oO@..#
#.####.###
####o>÷......
#.....#.......
#..............
#...###.##.....
#.......# .. .
#.####..#### #
#.......#


You could see a two-headed ogre and an orc.

Vanquished Creatures
  A two-headed ogre (D:8)
  Grinder (D:3)
  Sigmund (D:2)
  Menkaure (D:6)
  Edmund (D:4)
  An ice beast (D:6)
  2 orc warriors
  A necrophage (D:4)
  A sky beast (D:6)
  4 ogres
  3 centaurs
  A big kobold (D:7)
  A bullfrog (D:7)
  Blork the orc (D:5)
  3 scorpions
  An electric eel (D:6)
  A howler monkey (D:5)
  A quasit (D:5)
  3 orc wizards
  4 hounds
  7 orc priests
  A bullfrog skeleton (D:7)
  2 centaur skeletons
  Ijyb (D:5)
  2 iguanas
  7 worker ants
  A mummy (D:5)
  8 adders
  4 gnolls (D:4)
  A shadow imp (D:6)
  An ooze (D:4)
  An adder zombie (D:7)
  An adder skeleton (D:7)
  3 dart slugs
  2 leopard geckos
  16 orcs
  2 ball pythons
  4 giant cockroaches
  6 goblins
  5 hobgoblins
  8 jackals
  8 kobolds
  3 quokkas
  5 bats
  5 frilled lizards
  A leopard gecko skeleton (D:5)
  5 rats
143 creatures vanquished.

Vanquished Creatures (others)
  19 plants (D:6)
19 creatures vanquished.

Grand Total: 162 creatures vanquished

Notes
Turn   | Place    | Note
-------+----------+-------------------------------------------
     0 | D:1      | Borgoz the Ghoul Gladiator began the quest for the Orb.
     0 | D:1      | Reached XP level 1. HP: 17/17 MP: 0/0
   208 | D:1      | Reached XP level 2. HP: 24/24 MP: 1/1
   786 | D:2      | Reached skill level 3 in Long Blades
   786 | D:2      | Reached skill level 1 in Armour
   863 | D:2      | Reached XP level 3. HP: 26/30 MP: 2/2
   958 | D:2      | Noticed a scorpion
   971 | D:2      | Killed a scorpion
   972 | D:2      | Reached XP level 4. HP: 32/37 MP: 3/3
  1050 | D:2      | Noticed Sigmund
  1068 | D:2      | Killed Sigmund
  1069 | D:2      | Reached skill level 4 in Long Blades
  1069 | D:2      | Reached XP level 5. HP: 14/45 MP: 4/4
  1069 | D:2      | Reached XP level 6. HP: 16/51 MP: 5/5
  1659 | D:2      | Found a stormy altar of Qazlal.
  1683 | D:3      | Found a white marble altar of Elyvilon.
  2148 | D:3      | Noticed Grinder
  2152 | D:3      | Paralysed by Grinder for 6 turns
  2163 | D:3      | Paralysed by Grinder for 3 turns
  2174 | D:3      | Killed Grinder
  2175 | D:3      | Reached XP level 7. HP: 20/58 MP: 6/6
  3082 | D:4      | Reached skill level 5 in Long Blades
  3447 | D:4      | Reached XP level 8. HP: 33/66 MP: 7/7
  3655 | D:4      | Found a blossoming altar of Fedhas.
  4040 | D:4      | Noticed Edmund
  4067 | D:4      | Killed Edmund
  4358 | D:4      | Found an ancient bone altar of Kikubaaqudgha.
  4496 | D:5      | Entered Level 5 of the Dungeon
  4600 | D:5      | Noticed Blork the orc
  4611 | D:5      | Killed Blork the orc
  4612 | D:5      | Reached skill level 5 in Armour
  4779 | D:5      | Reached skill level 6 in Long Blades
  5092 | D:5      | Reached skill level 5 in Fighting
  5197 | D:5      | Found a glowing golden altar of the Shining One.
  5207 | D:5      | Found a staircase to the Ecumenical Temple.
  5322 | D:5      | Found a snail-covered altar of Cheibriados.
  5525 | D:5      | Got a wavering tin amulet
  5531 | D:5      | Identified the amulet of Qynae {RegenMP rElec} (You found
                  | it on level 5 of the Dungeon)
  5548 | D:5      | Reached XP level 9. HP: 74/74 MP: 8/8
  5556 | D:5      | Found a hide-covered altar of Uskayaw.
  5580 | Temple   | Entered the Ecumenical Temple
  5689 | Temple   | Became a worshipper of Ashenzari the Shackled
  5754 | D:5      | Reached skill level 5 in Dodging
  5949 | D:5      | Noticed Ijyb
  5984 | D:5      | Killed Ijyb
  6388 | D:6      | Found an opulent altar of Gozag.
  6908 | D:6      | Reached skill level 7 in Long Blades
  7403 | D:6      | Noticed Menkaure
  7436 | D:6      | Killed Menkaure
  7954 | D:6      | Found a runed translucent gate.
  7954 | D:6      | Identified the +6 glaive of the Desolation of Salt {flame,
                  | +Blink MP+9}
  7954 | D:6      | Identified the cursed +1 plate armour "Topteb" {rC+ Slay+5}
  7954 | D:6      | Noticed Raspi's ghost (novice TeGl)
  7955 | D:6      | Found a runed translucent gate.
  7956 | D:6      | Found a runed translucent gate.
  7962 | D:6      | Found a roughly hewn altar of Beogh.
  8301 | D:7      | Found a shadowy altar of Dithmenos.
  8379 | D:7      | Found a shadowy altar of Dithmenos.
  8559 | D:7      | Got the great mace "Widowermaker" {protect, rC+}
  8560 | D:7      | Identified the +7 great mace "Widowermaker" {protect, rC+}
                  | (You found it on level 7 of the Dungeon)
  9044 | D:8      | Noticed a two-headed ogre
  9061 | D:8      | Killed a two-headed ogre
  9062 | D:8      | Reached skill level 8 in Long Blades
  9062 | D:8      | Reached XP level 10. HP: 18/84 MP: 9/9
  9073 | D:8      | Noticed a two-headed ogre
  9097 | D:9      | Noticed a two-headed ogre
  9502 | D:8      | Slain by a two-headed ogre

Illustrated notes

Levels and vault maps discovered:
D:1:      lightli_arrival_quake, layout_basic, minmay_misc_feat_alley,
          grunt_decor_junction
D:2:      layout_loops_cross, overflow_temple_1_default,
          kennysheep_generic_room_6, uniq_sigmund
D:3:      layout_basic, elyvilon_altar_4, serial_park_tiny_pond,
          dk_noncrumbling_3, uniq_grinder
D:4:      layout_basic, marbit_many_paths, fedhas_bush_and_centaur_altar,
          uniq_edmund
D:5:      layout_basic, eat_drink_and_be_merry_uskayaw, slow_altar_1,
          minmay_temple_entry_proselytizer, basic_altar, uniq_ijyb,
          uniq_blork_the_orc
D:6:      layout_basic, grunt_gozag_breadcrumbs, biasface_ghost_orc_armoury,
          chequers_big_river, uniq_menkaure
D:7:      layout_basic, nicolae_overflow_hidden_temple, serial_glass,
          glass_columns_a, glass_columns_a, glass_columns_a, glass_columns_a,
          glass_columns_a, due_unseen_surprise, basic_altar,
          nicolae_dithmenos_shadow_blocks
D:8:      layout_basic, kennysheep_little_box, general_overflow_altar,
          basic_altar
D:9:      layout_rooms, grunt_temple_overflow_order_and_chaos_2,
          overflow_temple_1_default, david_lair_generic, erik_orc_1,
          grunt_potential
Temple:   nicolae_temple_figure_zero

Skill      XL: |  1  2  3  4  5  6  7  8  9 |
---------------+----------------------------+-----
Long Blades    | 3 4 5 6 8 |  8.1
Armour         | 1 2 3 4 5 7 |  7.4
Dodging        | 3 4 5 |  5.9
Fighting       | 3 4 5 6 |  6.5
Throwing       | |  1.7

Action                   |  1- 3 |  4- 6 |  7- 9 | 10-12 || total
-------------------------+-------+-------+-------+-------++-------
Melee: Long sword        |    62 |    92 |   500 |    10 ||   664
       Great mace        |       |       |     6 |       ||     6
Throw: Throwing net      |       |     1 |     5 |       ||     6
Evoke: Wand              |       |       |     6 |       ||     6
  Use: Potion            |       |     5 |     6 |     2 ||    13
       Scroll            |       |     1 |    13 |     1 ||    15
 Stab: Sleeping          |     1 |       |       |       ||     1
       Held in net/web   |       |       |     1 |       ||     1
Armor: Leather armour    |    19 |       |       |       ||    19
       Ring mail         |     5 |    33 |   214 |     5 ||   257
Dodge: Dodged            |    54 |    62 |   438 |    11 ||   565
       Rpst.: Long sword |    18 |    24 |   102 |     3 ||   147
